 Dungeon Crawl Stone Soup version 0.24.0-13-gcf9b3192b9 (webtiles) character file.

Game seed: 11719001494803239905, levelgen mode: deterministic

2516 theswoord the Skirmisher (level 9, 0/108 HPs)
             Began as a Demonspawn Monk on Nov 6, 2019.
             Succumbed to Harold's poison
             ... on level 6 of the Dungeon.
             The game lasted 00:20:26 (6686 turns).

theswoord the Skirmisher (Demonspawn Monk)          Turns: 6686, Time: 00:20:27

Health: 0/108      AC: 12    Str: 19    XL:     9   Next: 29%
Magic:  9/9        EV:  9    Int: 12    God:
Gold:   367        SH:  0    Dex: 16    Spells: 8/8 levels left

rFire    . . .     SeeInvis .     - Unarmed
rCold    + . .     Gourm    .   (no shield)
rNeg     . . .     Faith    .   f - +0 chain mail
rPois    .         Spirit   .   (helmet restricted)
rElec    .         Reflect  .   e - +1 cloak
rCorr    .         Harm     .   (no gloves)
MR       .....                  (no boots)
Stlth    ..........             (no amulet)
HPRegen  0.28/turn              (no ring)
MPRegen  0.11/turn              (no ring)

@: berserking (expiring), lethally poisoned (0 -> -39), marked, very quick
A: claws 1, hooves 2, horns 1, cold resistance 1
a: no special abilities


You were on level 6 of the Dungeon.
You were not hungry.

You visited 1 branch of the dungeon, and saw 7 of its levels.

You collected 367 gold pieces.

Inventory:

Hand Weapons
 a - a +1 mace
 i - a +0 whip
Armour
 b - a +0 robe
 e - a +1 cloak (worn)
 f - a +0 chain mail (worn)
 h - a +1 pair of gloves
 k - a +0 ring mail
 t - a +0 pair of gloves
 u - a +0 pair of boots
Scrolls
 d - 2 scrolls of remove curse
 j - 3 scrolls of magic mapping
 o - 2 scrolls of blinking
 v - a scroll of teleportation
 x - a scroll of enchant armour
Potions
 g - a potion of agility
 l - a potion of curing
 m - 2 potions of heal wounds
 n - a potion of degeneration
 r - a potion of mutation
Comestibles
 c - 10 rations
 p - 4 chunks of flesh


   Skills:
 + Level 7.5 Fighting
 - Level 4.7 Maces & Flails
 + Level 6.1 Armour
 - Level 2.6 Dodging
 - Level 1.7 Stealth
 + Level 6.1 Unarmed Combat


You had 8 spell levels left.
You didn't know any spells.
Your spell library contained the following spells:

 Spells                   Type           Power        Failure   Level  Hunger
 Animate Skeleton         Necr           N/A          97%         1    ##.....
 Apportation              Tloc           #.....       97%         1    ##.....
 Confusing Touch          Hex            #.....       97%         1    ##.....
 Summon Small Mammal      Summ           #...         97%         1    ##.....


Dungeon Overview and Level Annotations

Branches:
Dungeon (7/15)             Temple (0/1) D:6

Altars:
Elyvilon
Fedhas
Gozag
Okawaru
Sif Muna
Uskayaw
Wu Jian
Yredelemnul
The Shining One

Shops:
D:6 *


Innate Abilities, Weirdness & Mutations

You have sharp fingernails.
You have hoof-like feet.
You have a pair of small horns on your head.
Your flesh is cold resistant. (rC+)


Message History

You have reached level 9!
Your experience leads to an increase in your attributes!
Your base attributes are Str 13, Int 12, Dex 16.
Increase (S)trength, (I)ntelligence, or (D)exterity?
Uppercase letters only, please.
You feel stronger.
* * * LOW HITPOINT WARNING * * *
You feel sick.
* * * LOW HITPOINT WARNING * * *
You feel very sick.
There is a stone staircase leading up, spattered with blood here.
You closely miss the leopard gecko. You kick the leopard gecko.
You kill the leopard gecko!
* * * LOW HITPOINT WARNING * * *
You feel sick.
* * * LOW HITPOINT WARNING * * *
You feel very sick.
You climb upwards.
You feel a strong urge to attack something.
You die...

................#
........#.......##
........#..#.....#
................##
.....<.........##
#..###.#..##....##
#####..##..#.....#
#..##.......##
#####..####.....@#
..........#[)(...#
..#.#.#.........##
.#######....(.#.#
## ###....(.###
######.......##
##..##.......#
.........#...#
....#.......##


There were no monsters in sight!

Vanquished Creatures
  Harold (D:7)
  Sigmund (D:6)
  Menkaure (D:6)
  2 sky beasts (D:5)
  An ogre (D:6)
  A phantom (D:5)
  2 centaurs (D:6)
  3 bullfrogs
  2 scorpions
  A wyvern skeleton (D:6)
  4 crimson imps (D:6)
  3 hounds
  A centaur zombie (D:6)
  A jelly (D:5)
  An orc priest (D:6)
  Ijyb (D:4)
  An orc wizard (D:6)
  4 worker ants
  A hound zombie (D:6)
  A hound skeleton (D:5)
  6 adders
  3 shadow imps
  3 oozes
  3 adder zombies
  4 worms
  A dart slug (D:3)
  6 leopard geckos
  8 orcs
  6 giant cockroaches
  7 goblins
  3 hobgoblins
  3 jackals (D:5)
  5 bats
  8 frilled lizards
  A jackal skeleton (D:6)
  6 kobolds
  2 leopard gecko skeletons
  4 rats
112 creatures vanquished.

Notes
Turn   | Place    | Note
-------+----------+-------------------------------------------
     0 | D:1      | theswoord the Demonspawn Monk began the quest for the Orb.
     0 | D:1      | Reached XP level 1. HP: 18/18 MP: 1/1
   244 | D:1      | Gained mutation: You have a pair of small horns on your
                  | head. [demonic ancestry]
   244 | D:1      | Reached XP level 2. HP: 22/24 MP: 2/2
   849 | D:2      | Found a glowing golden altar of the Shining One.
   854 | D:2      | Gained mutation: You have large cloven feet. [demonic
                  | ancestry]
   854 | D:2      | Reached XP level 3. HP: 20/29 MP: 3/3
  1596 | D:3      | Gained mutation: You have hoof-like feet. [demonic
                  | ancestry]
  1596 | D:3      | Reached XP level 4. HP: 35/35 MP: 4/4
  1795 | D:3      | Found a basalt altar of Yredelemnul.
  2725 | D:4      | Noticed Ijyb
  2760 | D:4      | Killed Ijyb
  2760 | D:4      | Reached skill level 1 in Armour
  2760 | D:4      | Reached skill level 1 in Unarmed Combat
  2760 | D:4      | Gained mutation: Your flesh is cold resistant. (rC+)
                  | [demonic ancestry]
  2760 | D:4      | Reached XP level 5. HP: 38/41 MP: 5/5
  3301 | D:4      | Gained mutation: You have sharp fingernails. [demonic
                  | ancestry]
  3301 | D:4      | Reached XP level 6. HP: 34/48 MP: 6/6
  3776 | D:5      | Entered Level 5 of the Dungeon
  3839 | D:5      | Noticed a sky beast
  3849 | D:5      | Killed a sky beast
  3849 | D:5      | Reached skill level 4 in Fighting
  4199 | D:5      | Reached XP level 7. HP: 20/55 MP: 7/7
  4537 | D:5      | Found a blossoming altar of Fedhas.
  4675 | D:5      | Found an ornate altar of the Wu Jian Council.
  5395 | D:6      | Noticed Sigmund
  5408 | D:6      | Killed Sigmund
  5408 | D:6      | Reached skill level 5 in Fighting
  5411 | D:6      | Found a white marble altar of Elyvilon.
  5411 | D:6      | Found an opulent altar of Gozag.
  5527 | D:6      | Noticed Menkaure
  5531 | D:6      | Killed Menkaure
  5531 | D:6      | Reached XP level 8. HP: 61/64 MP: 8/8
  5722 | D:6      | Noticed a +0 dagger
  5723 | D:6      | Found a hide-covered altar of Uskayaw.
  5723 | D:6      | Noticed a +0 hand axe
  5725 | D:6      | Reached skill level 6 in Fighting
  5738 | D:6      | Found an iron altar of Okawaru.
  6189 | D:6      | Found Qetutuyk's General Store.
  6291 | D:6      | Reached skill level 5 in Armour
  6291 | D:6      | Reached skill level 5 in Unarmed Combat
  6345 | D:6      | Found a staircase to the Ecumenical Temple.
  6463 | D:7      | Found a shimmering blue altar of Sif Muna.
  6507 | D:7      | Noticed Harold
  6682 | D:7      | Killed Harold
  6682 | D:7      | Reached skill level 7 in Fighting
  6682 | D:7      | Reached XP level 9. HP: 12/72 MP: 9/9
  6685 | D:7      | HP: 3/108 [poisoned by Harold]
  6686 | D:6      | Succumbed to Harold's poison

Skill      XL: |  1  2  3  4  5  6  7  8 |
---------------+-------------------------+-----
Maces & Flails | 3 4 |  4.7
Armour         | 1 2 4 6 |  6.1
Unarmed Combat | 1 2 4 6 |  6.1
Fighting       | 4 5 7 |  7.5
Dodging        | |  2.6
Stealth        | |  1.7

Action                   |  1- 3 |  4- 6 |  7- 9 || total
-------------------------+-------+-------+-------++-------
Melee: Mace              |    30 |       |       ||    30
       Whip              |    79 |       |       ||    79
       Headbutt          |    13 |    29 |    40 ||    82
       Kick              |    16 |    54 |    68 ||   138
       Unarmed           |       |   156 |   188 ||   344
       Punch             |       |       |     2 ||     2
Evoke: Wand              |       |     2 |     9 ||    11
  Use: Scroll            |     4 |     2 |    10 ||    16
       Potion            |       |     2 |     4 ||     6
 Stab: Sleeping          |     1 |       |       ||     1
  Eat: Chunk             |     2 |     5 |     8 ||    15
       Ration            |       |     1 |       ||     1
Armor: Robe              |    13 |       |       ||    13
       Ring mail         |    18 |    18 |       ||    36
       Chain mail        |       |    50 |    97 ||   147
Dodge: Dodged            |    52 |    70 |    62 ||   184

Levels and vault maps discovered:
D:1:      psy_arrival_heroes, layout_basic
D:2:      layout_loops_ring, lemuel_crystal_altar,
          nicolae_overflow_hidden_temple
D:3:      layout_basic, old_standard_altar
D:4:      layout_gridville, first_ration, roderic_serpentine_path, uniq_ijyb
D:5:      layout_loops_ring, lemuel_crystal_altar, lemuel_round_altar,
          minmay_fractal_squares_5
D:6:      layout_cave_pools, old_standard_altar, nicolae_gozag_seed_capital,
          dancing_weapons_uskayaw, minmay_temple_entry_glassed_door,
          serial_shops, shop, kennysheep_okawaru_gauntlet, uniq_sigmund,
          uniq_menkaure
D:7:      layout_cave_pools, kb_xom_exploding_sheep, zin_scriptorium,
          basic_altar, grunt_livestock, uniq_prince_ribbit1, uniq_harold
